 Dungeon Crawl Stone Soup version 0.29.1-12-g30fa7ad0bf (webtiles) character file.

Game seed: 9581609491524997943

1105 sweetbreads the Covert (level 8, -3/36 HPs)
             Began as a Spriggan Enchanter on Jan 7, 2023.
             Slain by Duvessa
             ... wielding a +0 short sword
              (11 damage)
             ... on level 5 of the Dungeon.
             The game lasted 00:28:14 (9117 turns).

sweetbreads the Covert (Spriggan Enchanter)         Turns: 9117, Time: 00:28:14

Health: -3/36      AC:  2    Str:  4    XL:     8   Next: 11%
Magic:  11/14      EV: 18    Int: 18    God:
Gold:   240        SH:  0    Dex: 16    Spells: 6/14 levels left

rFire   . . .      SeeInvis +   a - +1 dagger
rCold   . . .      Faith    .   (no shield)
rNeg    . . .      Spirit   .   b - +0 robe
rPois   .          Reflect  .   (helmet restricted)
rElec   .          Harm     .   (no cloak)
rCorr   .          Rampage  .   (gloves unavailable)
Will    +....                   (boots unavailable)
Stlth   ++++......              (no amulet)
HPRegen 0.12/turn               (no ring)
MPRegen 0.14/turn               (no ring)

@: very quick
A: very small, no large weapons, unfitting armour, see invisible, speed 3
a: no special abilities


You were on level 5 of the Dungeon.
You visited 1 branch of the dungeon, and saw 6 of its levels.

You collected 270 gold pieces.
You spent 30 gold pieces at shops.

Inventory:

Hand Weapons
 a - a +1 dagger (weapon)
Missiles
 z - 6 atropa-tipped darts (quivered)
Armour
 b - a +0 robe (worn)
 h - an orb of light
 l - a +0 buckler
 B - a +1 pair of boots
Jewellery
 t - a ring of fire
 x - an amulet of faith
Wands
 k - a wand of polymorph (7)
 A - a wand of acid (13)
Scrolls
 f - a scroll of vulnerability {unknown}
 j - 2 scrolls of fear {unknown}
 m - a scroll of amnesia {unknown}
 n - 6 scrolls of teleportation {unknown}
 o - 4 scrolls of identify {unknown}
 p - a scroll of silence {unknown}
 q - 3 scrolls of enchant weapon {unknown}
 s - a scroll of poison {unknown}
 y - a scroll of magic mapping {unknown}
 C - a scroll of immolation {unknown}
 D - a scroll of blinking {unknown}
Potions
 c - 4 potions of invisibility
 d - 3 potions of attraction {unknown}
 e - 4 potions of heal wounds {unknown}
 g - 2 potions of cancellation {unknown}
 i - 3 potions of curing {unknown}
 r - 2 potions of magic {unknown}
 u - a potion of resistance {unknown}
 v - a potion of lignification {unknown}
 w - a potion of flight {unknown}


   Skills:
 - Level 6.0 Short Blades
 * Level 3.5 Dodging
 - Level 10.0 Stealth
 * Level 3.8 Spellcasting
 + Level 6.4 Hexes


You had 6 spell levels left.
You knew the following spells:

 Your Spells              Type           Power      Damage    Failure   Level
a - Ensorcelled Hibernat  Hex/Ice        30%        N/A       6%          2
b - Confusing Touch       Hex            26%        N/A       3%          3
c - Tukima's Dance        Hex            26%        N/A       3%          3

Your spell library contained the following spells:

 Spells                   Type           Power      Damage    Failure   Level
 Dazzling Flash           Conj/Hex       30%        N/A       12%         3
 Beastly Appendage        Tmut           6%         N/A       16%         1
 Wereblood                Tmut           3%         N/A       22%         2
 Ozocubu's Armour         Ice            3%         N/A       41%         3
 Spider Form              Tmut/Pois      3%         N/A       41%         3
 Ozocubu's Refrigeration  Ice            1%         4d7       100%        7


Dungeon Overview and Level Annotations

Branches:
Dungeon (6/15)
 Temple: D:4-7

Altars:
Fedhas
Sif Muna
Xom
The Shining One

Shops:
D:2 *(:(

Annotations:
D:5 Duvessa


Innate Abilities, Weirdness & Mutations

You are very small and have problems with some larger weapons.
You are too small for most types of armour.
You have supernaturally acute eyesight. (SInv)
You cover ground extremely quickly. (Speed+++)


Message History

You kill the orc!
D - a scroll labelled ZIP OTWUSTU
Items here: ( ) [ †.
Found 6 stones.
Casting: Ensorcelled Hibernation (safe; 6% risk of failure)
Confirm with . or Enter, or press ? or * to list all spells.
Aiming: Ensorcelled Hibernation (safe; 6% risk of failure)
Press: ? - help, Shift-Dir - straight line, f - orc wizard
Aim: an orc wizard, wielding a +0 dagger and wearing a +0 robe (chance to affect: 48%)
The orc wizard looks drowsy...
The helpless orc wizard fails to defend itself.
You stick the orc wizard like a pincushion!!!
You kill the orc wizard!
Magic restored.
d - 3 orange potions (gained 1)
You now have 228 gold pieces (gained 8).
Things that are here:
a +0 dagger; a +0 robe; an orc corpse
Items here: ( ) [ †.
You now have 240 gold pieces (gained 12).
Things that are here:
a +0 dagger; a +0 robe
There is an open door here.
There is an open door here.
The helpless Dowan fails to defend himself.
You perforate Dowan like a sieve!!!
You kill Dowan!
Duvessa weeps, and shakes her weapon.
Duvessa goes berserk!
Duvessa hits you with a +0 short sword!
Unknown command.
Unknown command.
Casting: Ensorcelled Hibernation (safe; 6% risk of failure)
Confirm with . or Enter, or press ? or * to list all spells.
Your hands begin to glow red.
Duvessa misses you. Duvessa hits you with a +0 short sword!
* * * LOW HITPOINT WARNING * * *
Unknown command.
You hit Duvessa but do no damage.
Duvessa appears confused.
Duvessa hits you with a +0 short sword!
You die...

# ##.## ##.# #.# # #.# #.# #.#
#.# #.# #.# ##'## #.# #.# ##...##
#.# #.# ##.....## ####.#
#####.### ##.......## ##.##.#
#.......#
##.........####e..#.#####..##...#
.+.........+..$)@)...............
##.........####...###.###.......#
###.......## ##..# #.# #.......#
..##.....## ##.###.# #.....#.#
#.###...## #....## #....##.# #.#
##+## #.#### #..)<...# #.# #.#
#.# ###.##### #.# #.# #.# #)#
#.####.## #.# #)#


You could see Duvessa (berserk, confused).

Vanquished Creatures
  2 black bears (D:5)
  2 ogres (D:5)
  2 phantoms
  2 necrophages
  Blork the orc (D:5)
  Dowan (D:5)
  A hound (D:5)
  2 orc priests (D:5)
  A jelly (D:4)
  3 orc wizards (D:5)
  An iguana (D:5)
  3 gnolls (D:4)
  3 adders
  2 white imps
  An ufetubus (D:5)
  2 dart slugs
  11 orcs
  3 ball pythons
  6 bats
  7 endoplasms
  A giant cockroach (D:2)
  9 goblins
  6 hobgoblins
  4 jackals (D:1)
  3 quokkas
  5 frilled lizards
  10 kobolds
  4 rats
98 creatures vanquished.

Vanquished Creatures (others)
  A plant (D:1)
  4 withered plants (D:1)
5 creatures vanquished.

Grand Total: 103 creatures vanquished

Notes
Turn   | Place    | Note
-------+----------+-------------------------------------------
     0 | D:1      | sweetbreads the Spriggan Enchanter began the quest for the
                  | Orb.
     0 | D:1      | Reached XP level 1. HP: 9/9 MP: 5/5
   679 | D:2      | Found Inuic's Weapon Shoppe.
   682 | D:2      | Reached XP level 2. HP: 13/13 MP: 6/6
   907 | D:1      | Learned a level 2 spell: Ensorcelled Hibernation
  1450 | D:2      | Found Asepebb's Weapon Shop.
  1526 | D:1      | Reached XP level 3. HP: 14/16 MP: 8/8
  1530 | D:1      | Learned a level 3 spell: Confusing Touch
  1534 | D:1      | Learned a level 3 spell: Tukima's Dance
  1556 | D:1      | Found a faded altar of an unknown god.
  1890 | D:1      | Reached skill level 5 in Stealth
  2675 | D:2      | Found Totatyog's Assorted Antiques.
  3244 | D:2      | Found Garoet's Book Shoppe.
  3366 | D:2      | Bought a scroll labelled JOONTO WIMENOFEE for 30 gold
                  | pieces
  3853 | D:4      | Reached XP level 4. HP: 21/21 MP: 4/9
  3915 | D:4      | Reached skill level 6 in Stealth
  4110 | D:3      | Found a shimmering altar of Xom.
  4661 | D:5      | Entered Level 5 of the Dungeon
  4663 | D:5      | Noticed Blork the orc
  4870 | D:5      | Reached XP level 5. HP: 24/24 MP: 10/10
  5546 | D:4      | Reached skill level 7 in Stealth
  5553 | D:4      | Reached skill level 5 in Hexes
  6261 | D:4      | Noticed a phantom
  6444 | D:4      | Reached XP level 6. HP: 25/27 MP: 0/11
  7078 | D:4      | Found a glowing golden altar of the Shining One.
  7188 | D:5      | Reached skill level 8 in Stealth
  7239 | D:5      | Reached skill level 5 in Short Blades
  7239 | D:5      | Reached XP level 7. HP: 32/32 MP: 12/12
  7801 | D:5      | Noticed Duvessa
  7801 | D:5      | Noticed Dowan
  7842 | D:5      | Reached skill level 9 in Stealth
  8042 | D:5      | Found a blossoming altar of Fedhas.
  8490 | D:5      | Killed Blork the orc
  8495 | D:5      | Reached skill level 10 in Stealth
  8808 | D:5      | Reached XP level 8. HP: 35/36 MP: 2/13
  8930 | D:5      | Found a shimmering blue altar of Sif Muna.
  9112 | D:5      | Killed Dowan
  9117 | D:5      | Slain by Duvessa

Illustrated notes

Levels and vault maps discovered:
D:1:      dpeg_arrival_court, layout_loops_cross,
          shapermc_ecumenical_altar_flowoftime
D:2:      layout_basic, serial_shops, nicolae_lakefront_shop, shop,
          nicolae_shop_bloodbath_and_beyond, nicolae_shop_trees,
          minmay_statues_item
D:3:      layout_rooms, amcnicky_altar_gilded, kennysheep_minor_cross
D:4:      nicolae_cairo_tiling_very_big, layout_layer_cave,
          mainiacjoe_overflow_alcove_2
D:5:      layout_loops_corners, fedhas_altar_fruit_tree,
          mainiacjoe_overflow_surrounded_room, uniq_duvessa, uniq_blork_the_orc
D:6:      layout_cave_pools, grunt_gozag_statues, lemuel_round_altar,
          serial_column_ruins, column_ruins_square_medium,
          column_ruins_hut_ruined, column_ruins_open_medium,
          column_ruins_columns_corner, column_ruins_grid_2,
          column_ruins_open_large, uniq_grinder

Skill      XL: |  1  2  3  4  5  6  7 |
---------------+----------------------+-----
Spellcasting   | 3 |  3.8
Hexes          | 4 5 6 |  6.4
Stealth        | 5 6 7 8 10 | 10.0
Short Blades   | 2 3 5 6 |  6.0
Dodging        | 3 |  3.5

Action                   |  1- 3 |  4- 6 |  7- 9 || total
-------------------------+-------+-------+-------++-------
Melee: Dagger            |   167 |   132 |    54 ||   353
       Punch             |     3 |       |       ||     3
 Cast: Ensorcelled Hiber |    32 |    17 |    18 ||    67
       Confusing Touch   |       |     2 |     4 ||     6
 Stab: Sleeping          |    22 |    16 |    16 ||    54
       Distracted        |       |     1 |       ||     1
       Confused          |       |     4 |     1 ||     5
Armor: Robe              |    17 |     4 |     5 ||    26
Dodge: Dodged            |   103 |    75 |    50 ||   228
